 Dungeon Crawl Stone Soup version 0.22-a0-247-gbddf880 (webtiles) character file.

36 wolfsongas the Quickloader (level 3, 0/31 HPs)
             Began as a Gnoll Hunter on Feb 23, 2018.
             Slain by a goblin
             ... wielding a +0 dagger
             ... led by Robin
              (3 damage)
             ... on level 1 of the Dungeon.
             The game lasted 00:01:21 (769 turns).

wolfsongas the Quickloader (Gnoll Hunter)            Turns: 769, Time: 00:01:22

Health: 0/31       AC:  6    Str: 15    XL:     3   Next: 37%
Magic:  4/4        EV: 12    Int: 13    God:
Gold:   62         SH:  4    Dex: 15    Spells: 3/3 levels left

rFire    . . .     SeeInvis .   b - +0 short sword
rCold    . . .     Gourm    .   g - +0 buckler
rNeg     . . .     Faith    .   e - +0 ring mail
rPois    .         Spirit   .   (no helmet)
rElec    .         Reflect  .   (no cloak)
rCorr    .         Harm     .   (no gloves)
MR       .....                  i - +0 pair of boots
Stlth    +.........             (no amulet)
HPRegen  0.10/turn              (no ring)
MPRegen  0.09/turn              (no ring)

@: no status effects
A: distributed training, fangs 1, strong nose
a: no special abilities


You were on level 1 of the Dungeon.
You were not hungry.

You visited 1 branch of the dungeon, and saw 2 of its levels.

You collected 62 gold pieces.

Inventory:

Hand Weapons
 a - a +1 hand crossbow
 b - a +0 short sword (weapon)
Armour
 e - a +0 ring mail (worn)
 g - a +0 buckler (worn)
 i - a +0 pair of boots (worn)
Comestibles
 c - 4 chunks of flesh
 f - 2 rations


   Skills:
 + Level 4.5 Fighting
 + Level 0.7 Short Blades
 + Level 0.7 Long Blades
 + Level 0.7 Axes
 + Level 0.7 Maces & Flails
 + Level 0.7 Polearms
 + Level 0.7 Staves
 + Level 0.7 Slings
 + Level 0.7 Bows
 + Level 8.5 Crossbows
 + Level 0.7 Throwing
 + Level 0.7 Armour
 + Level 4.5 Dodging
 + Level 2.3 Stealth
 + Level 0.7 Shields
 + Level 0.7 Unarmed Combat
 + Level 0.7 Spellcasting
 + Level 0.5 Conjurations
 + Level 0.5 Hexes
 + Level 0.5 Charms
 + Level 0.5 Summonings
 + Level 0.5 Necromancy
 + Level 0.5 Translocations
 + Level 0.5 Transmutations
 + Level 0.5 Fire Magic
 + Level 0.5 Ice Magic
 + Level 0.5 Air Magic
 + Level 0.5 Earth Magic
 + Level 0.5 Poison Magic
 + Level 0.9 Invocations
 + Level 0.7 Evocations


You had 3 spell levels left.
You didn't know any spells.

Dungeon Overview and Level Annotations

Branches:
Dungeon (2/15)

Altars:

Annotations:
D:2 Robin


Innate Abilities, Weirdness & Mutations

Your experience applies equally to all skills.
You have very sharp teeth.
Your uncanny sense of smell can sniff out nearby items.


Message History

The goblin hits you but does no damage. x2; You block the goblin's attack.
You barely miss the goblin.
The goblin is moderately wounded.
The goblin hits you but does no damage. The goblin hits you with a dagger.
The goblin closely misses you.
You barely miss the goblin. You bite the goblin.
The goblin is severely wounded.
You block the goblin's attack. The goblin hits you but does no damage.
The goblin barely misses you.
You closely miss the goblin.
The goblin is severely wounded.
You block the goblin's attack. The goblin closely misses you.
The goblin hits you.
You closely miss the goblin.
The goblin is severely wounded.
The goblin hits you. The goblin hits you with a dagger!
* * * LOW HITPOINT WARNING * * *
The goblin closely misses you. The goblin hits you but does no damage.
The goblin hits you with a dagger.
You die...

##...#####.# ###.######
#.# #..........#
#.....# #.#
##...###########.....#
#.# ###.##
#.....[....#########.#
....#
#.####.....##........#
###.# #.#
#.....##.########
#.#######.###########.#
###.#..........gg# #.#
......#####.####@# #.#
###.### #.# #g# #.# #.#
#.# #.# #.#### #.# #.#
#.######....## #.# #.#
#........##..# #.# #.#
########.###+#####
#.#######.##
#.#≈♣.P♣PP♣
#..........#
#.'.....P♣P
#########.##
###P♣P.....


You could see 3 goblins.

Vanquished Creatures
  A worm (D:2)
  A leopard gecko (D:1)
  10 goblins
  3 hobgoblins
  6 jackals (D:2)
  A bat (D:1)
  A frilled lizard (D:1)
  2 kobolds (D:1)
  2 rats
27 creatures vanquished.

Notes
Turn   | Place    | Note
-------+----------+-------------------------------------------
     0 | D:1      | wolfsongas the Gnoll Hunter began the quest for the Orb.
     0 | D:1      | Reached XP level 1. HP: 20/20 MP: 1/1
   237 | D:1      | Reached XP level 2. HP: 26/26 MP: 2/2
   736 | D:2      | Reached XP level 3. HP: 31/31 MP: 3/3
   743 | D:2      | Noticed Robin
   769 | D:1      | Slain by a goblin

Vault maps used:
D:1:      tarquinn_simple_flora_water_f, serial_bayou_crossing
D:2:      lemuel_round_altar, lemuel_round_altar, overflow_temple_1_default,
          chequers_ecumenical_altar_simple_redux, minivault_26, uniq_sigmund,
          uniq_robin

Action                   || total
-------------------------++-------
Melee: Short sword       ||    11
       Bite              ||     1
 Fire: Hand crossbow     ||    42
  Use: Scroll            ||     1
       Potion            ||     1
Armor: Ring mail         ||    15
Dodge: Dodged            ||    23
Block: Buckler           ||     5

Table legend:
 A = Spawn XP
 B = Non-spawn XP
 C = Spawn XP percentage of total XP
 D = Spawn monster count
 E = Non-spawn monster count
 F = Spawn count percentage of total count
 G = Total turns spent on level
                    A         B        C        D         E        F      G
               +---------+---------+-------+---------+---------+-------+---------
         Total |       0 |      52 |   0.0 |       0 |      27 |   0.0 |   769
               +---------+---------+-------+---------+---------+-------+---------
           D:1 |       0 |      19 |   0.0 |       0 |      11 |   0.0 |   705
           D:2 |       0 |      33 |   0.0 |       0 |      16 |   0.0 |    64
               +---------+---------+-------+---------+---------+-------+---------
